cohdb
Replays
Latest Replays
All Replays
Popular Replays
Top Player Replays
Match Explorer
How It Works
Community
CoH3 Stats
Reddit
Sign in to upload your games and track your stats! →
Sign in with Steam
Match 33404136
Unlisted
Match 33404136
Overview
Messages
Build Orders
End
Construct Weapon Support Center
Selects Special Operations Battlegroup
Selects M29 Weasel Recon Vehicle
M1919 Machine Gun Team
M29 Weasel Recon Vehicle
M1919 Machine Gun Team
M1919 Machine Gun Team
Infantry Support Center
Engineer Squad
Construct Barracks
M1 Mortar Team
Grenade Package
.30 cal Machine Gun
Munitions Surplus
M1918 Browning Automatic Rifles
Construct Motor Pool
M24 Chaffee Light Tank
Engineer Squad
Selects P-47 Anti-Infantry Loiter
P-47 Anti-Infantry Loiter
M1 Mortar Team
.30 cal Machine Gun
Construct Medical Station
.30 cal Machine Gun
M24 Chaffee Light Tank
P-47 Anti-Infantry Loiter
Riflemen Squad
Riflemen Squad
Riflemen Squad
M1 Anti-tank Gun Team
M1 Anti-tank Gun Team
P-47 Anti-Infantry Loiter
Riflemen Squad
Selects M4A1 Sherman Whizbang
Selects Raiding Flares
Riflemen Squad
P-47 Anti-Infantry Loiter
M24 Chaffee Light Tank
Engineer Squad
P-47 Anti-Infantry Loiter
Engineer Squad
Riflemen Squad
M4A1 Sherman Whizbang
.30 cal Machine Gun
P-47 Anti-Infantry Loiter
.30 cal Machine Gun
.30 cal Machine Gun
M24 Chaffee Light Tank
Engineer Squad
M1 Anti-tank Gun Team
Riflemen Squad
P-47 Anti-Infantry Loiter
Riflemen Squad
Engineer Squad
AI Takeover
Euph0ria
BAOBAB
HeartySundew364
gUi
Paranoiac
Kogashiwasu
hans ulrich
Arsen INTHEHAUSEEE
0
0
Comments
sign in to comment!
No comments posted yet!